 Dungeon Crawl Stone Soup version 0.30-a0-996-ga6910c8ee8 (webtiles) character file.

Game seed: 18400482654744259296

908 Newt the Cudgeller (level 8, -11/51 HPs)
             Began as a Gargoyle Gladiator on Apr 4, 2023.
             Mangled by an ogre
             ... wielding a +0 giant spiked club
              (31 damage)
             ... on level 5 of the Dungeon.
             The game lasted 00:04:53 (3275 turns).

Newt the Cudgeller (Gargoyle Gladiator)             Turns: 3275, Time: 00:04:53

Health: -11/51     AC: 14    Str: 21    XL:     8   Next: 8%
Magic:  8/8        EV: 12    Int:  8    God:
Gold:   220        SH:  0    Dex: 11    Spells: 7/7 levels left

rFire   . . .      SeeInvis .    m - +0 mace (heavy)
rCold   . . .      Faith    .    (no shield)
rNeg    + . .      Spirit   .    b - +0 leather armour
rPois   ∞          Reflect  .    c - +0 helmet
rElec   +          Rampage  .    i - +2 cloak
rCorr   .                        (no gloves)
Will    .....                    j - +0 pair of boots
Stlth   +                        (no amulet)
HPRegen 0.28/turn                (no ring)
MPRegen 0.11/turn                (no ring)

@: no status effects
A: sickness immunity, AC +5, negative energy resistance 1, electricity
resistance, torment resistance 1, petrification resistance
a: no special abilities


You were on level 5 of the Dungeon.
You visited 1 branch of the dungeon, and saw 5 of its levels.

You collected 220 gold pieces.

Inventory:

Hand Weapons
 a - a +0 flail
 m - a +0 heavy mace (weapon)
Missiles
 d - a throwing net (quivered)
 l - a javelin
 q - 4 poisoned darts
Armour
 b - a +0 leather armour (worn)
 c - a +0 helmet (worn)
 i - a +2 cloak (worn)
 j - a +0 pair of boots (worn)
Wands
 e - a wand of roots (4)
Scrolls
 n - a scroll of teleportation
 r - a scroll of vulnerability
 s - a scroll of summoning
 t - a scroll of torment
Potions
 f - a potion of curing
 h - a potion of mutation
 k - a potion of flight
 p - a potion of might {unknown}
 u - a potion of attraction {unknown}


   Skills:
 - Level 6.0 Fighting
 + Level 6.2 Maces & Flails
 - Level 2.4 Throwing
 - Level 4.0 Armour
 - Level 2.9 Dodging


You had 7 spell levels left.
You didn't know any spells.
Your spell library contained the following spells:

 Spells                   Type           Power      Damage    Failure   Level
 Portal Projectile        Hex/Tloc       0%         N/A       83%         3
 Tukima's Dance           Hex            0%         N/A       83%         3
 Blade Hands              Tmut           0%         N/A       100%        5


Dungeon Overview and Level Annotations

Branches:
Dungeon (5/15)
 Temple: D:4-7

Altars:

Shops:
D:2 =


Innate Abilities, Weirdness & Mutations

You are immune to sickness and miasma.
Your stone body is resilient. (AC +5)
You are immune to poison.
You resist negative energy. (rN+)
You are resistant to electric shocks. (rElec)
You are resistant to unholy torment.
You are immune to petrification.


Message History

You have reached level 8!
You feel stronger.
You sock the orc priest!
You kill the orc priest!
The orc closely misses you.
Training target 6.0 for Fighting reached!
Your Fighting skill increases to level 6!
You need to enable at least one skill for training.
Unknown command.
You hit the orc.
The orc is lightly wounded.
The orc hits you with a +0 hand axe.
Unknown command.
You sock the orc!
You kill the orc!
The orc hits you with a +0 dagger.
You sock the orc!
You kill the orc!
The iguana bites you but does no damage.
You closely miss the iguana.
The iguana bites you but does no damage.
You hit the iguana.
The iguana is lightly wounded.
The iguana bites you. The iguana misses you.
You sock the iguana!
You kill the iguana!
You hit the ogre.
The ogre is lightly wounded.
The ogre hits you with a +0 giant spiked club.
Unknown command.
You hit the ogre.
The ogre is lightly wounded.
The ogre hits you with a +0 giant spiked club!
Unknown command.
You bludgeon the ogre!!
The ogre is severely wounded.
The ogre hits you with a +0 giant spiked club.
The ogre hits you with a +0 giant spiked club!!
Ouch! That really hurt!
You die...

. .. ... .... .....
......###########
####
.....oO@........##
#...
......#########..##
#... #.###
##..###...
#####...#...
#####.....<.....
#.............##
#.###...........
###......#####
..........# #


You could see an ogre and an orc.

Vanquished Creatures
  Sigmund (D:5)
  Eustachio (D:4)
  A black bear (D:4)
  An ogre (D:4)
  4 jellies
  An orc priest (D:5)
  An iguana (D:5)
  2 sleepcaps (D:5)
  Natasha (thrice) (D:4)
  5 adders
  A worm (D:3)
  3 dart slugs (D:4)
  8 orcs
  4 bats
  9 endoplasms
  A giant cockroach (D:1)
  5 goblins
  8 hobgoblins
  3 kobolds
  2 quokkas (D:1)
  5 ball pythons
  3 frilled lizards
  4 rats
76 creatures vanquished.

Notes
Turn   | Place    | Note
-------+----------+-------------------------------------------
     0 | D:1      | Newt the Gargoyle Gladiator began the quest for the Orb.
     0 | D:1      | Reached XP level 1. HP: 12/12 MP: 1/1
   405 | D:1      | Reached XP level 2. HP: 12/18 MP: 2/2
  1019 | D:2      | Reached XP level 3. HP: 21/22 MP: 3/3
  1158 | D:2      | Found Upetugao's Jewellery Shoppe.
  1725 | D:3      | Reached XP level 4. HP: 28/28 MP: 4/4
  2106 | D:4      | Noticed Natasha
  2114 | D:4      | Killed Natasha
  2161 | D:4      | Noticed a black bear
  2168 | D:4      | Noticed Eustachio
  2169 | D:4      | Killed a black bear
  2170 | D:4      | Reached XP level 5. HP: 22/33 MP: 5/5
  2194 | D:4      | Killed Eustachio
  2195 | D:4      | Reached XP level 6. HP: 7/38 MP: 6/6
  2636 | D:4      | Reached skill level 5 in Maces & Flails
  2636 | D:4      | Reached XP level 7. HP: 16/43 MP: 7/7
  2808 | D:4      | Noticed Natasha
  2816 | D:4      | Killed Natasha
  2925 | D:4      | Noticed Natasha
  2929 | D:4      | Killed Natasha
  3094 | D:5      | Entered Level 5 of the Dungeon
  3184 | D:5      | Noticed Sigmund
  3197 | D:5      | Killed Sigmund
  3198 | D:5      | Reached skill level 5 in Fighting
  3266 | D:5      | Reached XP level 8. HP: 39/51 MP: 8/8
  3275 | D:5      | Mangled by an ogre

Illustrated notes

Levels and vault maps discovered:
D:1:      dpeg_arrival_renting, layout_basic, kennysheep_decorative_pillar
D:2:      layout_rooms, serial_shops, shop
D:3:      layout_loops_cross, minmay_hedge_maze
D:4:      layout_cave_pools, uniq_eustachio, uniq_natasha
D:5:      layout_rooms, gammafunk_temple_overflow_forgotten, uniq_sigmund,
          uniq_edmund, uniq_crazy_yiuf_cottage

Skill      XL: |  1  2  3  4  5  6  7  8 |
---------------+-------------------------+-----
Throwing       | 2 |  2.4
Fighting       | 3 4 5 6 |  6.0
Armour         | 2 4 |  4.0
Maces & Flails | 4 5 6 |  6.2
Dodging        | |  2.9

Action                     |  1- 3 |  4- 6 |  7- 9 || total
---------------------------+-------+-------+-------++-------
  Melee: Flail             |   106 |    16 |       ||   122
         Mace              |       |    56 |    47 ||   103
         Unarmed           |       |     5 |       ||     5
         Punch             |       |     1 |     1 ||     2
  Throw: Dart              |       |     8 |       ||     8
         Javelin           |       |     1 |       ||     1
         Throwing net      |       |     2 |       ||     2
    Use: Scroll            |     7 |       |     4 ||    11
         Potion            |       |     2 |     1 ||     3
   Stab: Held in net/web   |       |     1 |       ||     1
 Armour: Leather armour    |    36 |   160 |    14 ||   210
         Skin              |       |     8 |    14 ||    22
  Dodge: Dodged            |    66 |   195 |    24 ||   285

Table legend: (Time is in decaauts)
 A = Elapsed time spent in this place.
 B = Non-inter-level travel time spent in this place.
 C = Inter-level travel time spent in this place.
 D = Time resting spent in this place.
 E = Time spent auto-exploring this place.
 F = Levels seen in this place.
 G = Mean time per level.
                   A        B        C        D        E       F      G
               +--------+--------+--------+--------+--------+-----+--------+
         Total |   3362 |   3298 |     64 |    497 |   2179 |   5 |  672.4 |
       Dungeon |   3362 |   3298 |     64 |    497 |   2179 |   5 |  672.4 |
               +--------+--------+--------+--------+--------+-----+--------+

Top non-repeatable levels by time:
     D:4: 1163 daAuts
     D:1: 985 daAuts
     D:3: 670 daAuts
     D:2: 363 daAuts
     D:5: 178 daAuts
